AoeStats
← 长乐冠希

Nomad

510036008Analyzed
4v4 RM · 4d ago on Sep 29, 2026· 28m 16s· 8 players
Game mode
Random Map
Map size
231×231
Population
200
Speed
Normal
Resources
Standard
Victory
Conquest
Starting age
Dark Age
Ending age
Imperial Age
RankedLock teamsTeams togetherTeam positionsShared explorationLock speedFull tech treeHidden civsTurbo modeCheats
Victory
Defeat
🇦🇷 Spanish · Argentina
1615
+15
🇦🇷 Turks · Argentina
1598
+16
🇦🇷 Malians · Argentina
1541
+18
🇦🇷 Shu · Argentina
1536
+18
🇹🇼 Portuguese · Taiwan
1641
-20
🇨🇳 Mongols · China
1601
-17
🇭🇰 Hindustanis · Hong Kong SAR China
1578
-16
🇧🇷 Italians · Brazil
1524
-14
长乐冠希
13:36 Feudal Age
11:53 Loom
17:26 Castle Age
15:37 Double-Bit Axe
18:38 Medium Warships
18:12 Fishing Lines
19:02 Bow Saw
22:34 Wheelbarrow
25:44 Hand Cart
25:10 Horse Collar
25:27 Gillnets
26:34 Gold Mining
27:08 Demolition Ship
Perseu
10:03 Loom
12:25 Feudal Age
13:08 Town Watch
19:19 Castle Age
21:25 Double-Bit Axe
25:00 Fishing Lines
香辣鸡翅
5:32 Loom
5:35 Loom
13:03 Feudal Age
17:16 Castle Age
16:32 Double-Bit Axe
17:15 Horse Collar
25:14 Fletching
Wuyen
13:55 Feudal Age
18:03 Castle Age
15:56 Fishing Lines
16:09 Double-Bit Axe
19:28 Bow Saw
19:12 Gillnets
21:28 Sanctity
21:23 Loom
23:55 Wheelbarrow
23:37 Fervor
27:06 Gold Mining
Puchito
5:08 Loom
13:48 Feudal Age
18:17 Castle Age
19:02 Fletching
19:16 Double-Bit Axe
20:09 Medium Warships
20:55 Forging
25:11 Scale Mail Armor
Joe Strummer
5:01 Loom
12:06 Feudal Age
16:21 Castle Age
15:57 Double-Bit Axe
17:59 Bow Saw
18:43 Gold Mining
19:03 Forging
19:09 Town Watch
19:22 Horse Collar
19:24 Fishing Lines
24:12 Medium Warships
26:34 Clinker Construction
27:36 Careening
27:43 Gillnets
Nos'
5:13 Loom
12:48 Feudal Age
16:59 Castle Age
15:53 Double-Bit Axe
16:17 Fishing Lines
18:37 Padded Archer Armor
DS_Moai
4:40 Loom
13:51 Feudal Age
18:29 Castle Age
18:45 Double-Bit Axe
21:36 Bow Saw
Connection lost

Rejoining the realm…

Still unreachable

The connection could not be restored.

Session expired

The server has moved on; the page needs a fresh start.